 Dungeon Sprint DCSS version 0.17-a0-2030-g9ce824c (webtiles) character file.

519841 Ordine the Talismancer (level 20, 219/236 HPs)
             Began as a Deep Dwarf Fighter on Oct 10, 2015.
             Was the Champion of Makhleb.
             Escaped with the Orb!
             The game lasted 01:06:23 (2423 turns).

Ordine the Talismancer (Deep Dwarf Fighter)         Turns: 2423, Time: 01:06:23

Health: 219/236    AC: 50    Str: 27    XL:     20   Next: 2%
Magic:  48/48      EV: 29    Int: 10    God:    Makhleb [******]
Gold:   0          SH: 38    Dex: 23    Spells: 3 memorised, 31 levels left

rFire  + . .     SeeInvis +     (no weapon)
rCold  + + +     Clarity  .     o - +12 gold dragon armour
rNeg   + + +     SustAt   .     c - +18 shield of the gong {rElec rN+ MR+ EV-5}
rPois  +         Gourm    .     S - +2 hat {MR+}
rElec  +         Spirit   .     (no cloak)
rCorr  .         Warding  .     L - +2 pair of gloves {Str+3}
rMut   +         NoTele   +     m - +2 pair of boots {Fly}
MR     +++++                    b - amulet of Toygimof {rMut rN+ Slay+3}
Stlth  ..........               K - ring of the Octopus King {MP+9 AC+1 EV+1 Str+1 Int+1 Dex+1}
                                O - ring "Giaxkis" {rC++ EV+6 Dex+4 SInv}

@: non-regenerating, almost entirely resistant to hostile enchantments,
extremely unstealthy
A: damage resistance, recharge devices, deterioration 1, negative energy
resistance 1, sense surroundings 3, slow regeneration 3
a: Device Recharging, Minor Destruction, Lesser Servant of Makhleb, Major
Destruction, Greater Servant of Makhleb, Renounce Religion, Evoke Flight
0: Orb of Zot


You escaped.
You worshipped Makhleb.
Makhleb was exalted by your worship.
You were not hungry.

You visited 1 branch

Inventory:

Armour
 c - the +18 shield of the gong (worn) {rElec rN+ MR+ EV-5}
   (You found it in the Dungeon)

   It affects your evasion (-5).
   It insulates you from electricity.
   It protects you from negative energy.
   It affects your resistance to hostile enchantments.
 m - a +2 pair of boots of flying (worn)
 o - a +12 gold dragon armour (worn)
 L - a +2 pair of gloves of strength (worn)
 S - a +2 hat of magic resistance (worn)
Jewellery
 b - the amulet of Toygimof (around neck) {rMut rN+ Slay+3}
   (You found it in the Dungeon)

   [amulet of resist mutation]

   It protects you from mutation.
   It affects your accuracy and damage with ranged weapons and melee attacks
   (+3).
   It protects you from negative energy.
 K - a ring of the Octopus King (right hand) {MP+9 AC+1 EV+1 Str+1 Int+1 Dex+1}
   (You found it in the Dungeon)

   [ring of magical power]

   It affects your AC (+1).
   It affects your evasion (+1).
   It affects your strength (+1).
   It affects your intelligence (+1).
   It affects your dexterity (+1).
   It affects your magic capacity (+9).
 O - the ring "Giaxkis" (left hand) {rC++ EV+6 Dex+4 SInv}
   (You took it off an iron imp in the Dungeon)

   [ring of evasion]

   It affects your evasion (+6).
   It affects your dexterity (+4).
   It greatly protects you from cold.
   It lets you see invisible.


   Skills:
 O Level 27 Fighting
   Level 21.5 Long Blades
 O Level 27 Armour
 O Level 27 Dodging
 O Level 27 Shields
 + Level 15.3 Spellcasting
 - Level 21.1 Charms
 - Level 17.9 Transmutations
 - Level 18.8 Earth Magic
 O Level 27 Evocations


You had 31 spell levels left.
You knew the following spells:

 Your Spells              Type           Power        Failure   Level  Hunger
a - Deflect Missiles      Chrm/Air       ####......   92%         6    ######.
b - Haste                 Chrm           #####...     1%          6    ######.
c - Statue Form           Trmt/Erth      #####....    4%          6    ######.


Dungeon Overview and Level Annotations

Branches:
Dungeon (1/1)

Altars:
Ashenzari
Cheibriados
Dithmenos
Elyvilon
Fedhas
Gozag
Kikubaaqudgha
Makhleb
Nemelex Xobeh
Okawaru
Qazlal
Ru
Sif Muna
Trog
Vehumet
Xom
Yredelemnul
Zin
The Shining One
Beogh
Jiyva
Lugonu


Innate Abilities, Weirdness & Mutations

You are resistant to damage.
You can recharge devices by infusing magical energy.
You resist negative energy.
You passively map a large area around you.
You do not regenerate naturally.
Your body sometimes deteriorates upon taking damage.


Message History

Your magical contamination has completely faded away.
You drop a wand of hasting (5).
You drop a manual of Hexes.
The Singing Sword sighs.
You are now empty-handed.
You drop the +7 Singing Sword.
You start removing your armour.
You continue taking off the +0 cloak of Space {Str+5 Int+6 Stlth-}. x4
You finish taking off the +0 cloak of Space {Str+5 Int+6 Stlth-}.
You drop the +0 cloak of Space {Str+5 Int+6 Stlth-}.
You stop training Long Blades.
You need to enable at least one skill for training.
You see here the Orb of Zot.
You pick up the Orb of Zot!
The Orb lets out a hideous shriek!
The lords of Pandemonium are not amused.
Beware!
Now all you have to do is get back out of the dungeon!
Drop what? 8/52 slots (_ for help) (? for menu, Esc to quit)
Okay, then.
Items here: !!!!!!!! %%%% ) // :::: ?????????? [ }
There is a staircase leading out of the dungeon here.
You have escaped!

≈...≈.......▓≈.▓...)...▓..▓...8©8
..≈..≈..≈.≈.▓.▓▓▓.....▓▓▓≈▓..)))[
≈≈≈..≈..≈...▓..▓.......▓..▓...)=)
≈.≈≈.≈......▓....≈≈.....≈.▓...≈..
.....≈...≈..▓....§....§§.§▓..≈)..
....≈..≈....▓▓▓▓▓▓▓▓▓▓▓▓▓▓▓......
▓...§.§§▓...▓8888888888888▓....)≈
▓▓.≈§§§▓▓▓..▓8...........8▓..▓.).
▓§§§.§§.▓...▓8..@[.......8▓.▓..[.
§§§§§§≈.....▓8...........8▓......
§§§§§§§.....▓8888888888888▓▓▓▓▓▓▓
▓▓▓▓▓▓▓▓▓▓▓▓▓▓▓▓▓▓▓▓▓▓▓▓▓▓▓▓▓▓▓▓▓
.....8©8........▓........8©8.....
.|[):)})|)."":).▓.))[".[)\|)|:||=
)|}:).[.:[=})=).▓.):|[}}):.[)[}||
)):|=)})|)))))}.▓."=)[))}):[|=)|}
......).........▓.......=}|}"....


There were no monsters in sight!

Vanquished Creatures
  4 ancient liches (D)
  A pandemonium lord (D)
  7 liches (D)
  6 Ice Fiends (D)
  9 acid blobs (D)
  11 titans (D)
  2 krakens (D)
  14 quicksilver dragons (D)
  2 Executioners (D)
  7 shadow dragons (D)
  8 fire giants (D)
  11 azure jellies (D)
  6 greater nagas (D)
  2 balrugs (D)
  6 iron dragons (D)
  10 frost giants (D)
  6 ghouls (D)
  15 stone giants (D)
  3 reapers (D)
  A vampire knight (D)
  A black draconian (D)
  A yellow draconian (D)
  A chaos champion (D)
  12 ettins (D)
  3 merfolk javelineers (D)
  5 blizzard demons (D)
  12 vault guards (D)
  5 death oozes (D)
  3 merfolk impalers (D)
  4 crystal guardians (D)
  6 ice dragons (D)
  6 naga warriors (D)
  5 yaktaur captains (D)
  2 great orbs of eyes (D)
  3 anacondas (D)
  A centaur warrior (D)
  2 alligator snapping turtles (D)
  2 vampire magi (D)
  4 merfolk aquamancers (D)
  17 soul eaters (D)
  10 iron golems (D)
  2 skeletal warriors (D)
  7 ice devils (D)
  A small abomination (D)
  2 giant orange brains (D)
  4 sea snakes (D)
  8 hill giants (D)
  2 shining eyes (D)
  4 necromancers (D)
  A griffon (D)
  A manticore (D)
  17 cyclopes (D)
  4 draconians (D)
  A siren (D)
  2 rust devils (D)
  3 naga magi (D)
  3 eyes of devastation (D)
  An orange demon (D)
  9 guardian serpents (D)
  3 black mambas (D)
  A hellion (D)
  4 yaktaurs (D)
  2 gargoyles (D)
  A deep elf priest (D)
  7 freezing wraiths (D)
  2 red devils (D)
  6 merfolk (D)
  3 blue devils (D)
  A jumping spider (D)
  6 polar bears (D)
  27 slime creatures (D)
  A tarantella (D)
  5 shadows (D)
  2 flying skulls (D)
  A vampire (D)
  A deep elf mage (D)
  A wraith (D)
  2 golden eyes (D)
  A wolf (shapeshifter) (D)
  4 deep elf fighters (D)
  A steam dragon (shapeshifter) (D)
  A hippogriff (D)
  4 hell hounds (D)
  4 nagas (D)
  4 water moccasins (D)
  A swamp drake (shapeshifter) (D)
  A phantom (D)
  8 ice beasts (D)
  2 eyes of draining (D)
  3 necrophages (D)
  4 centaurs (D)
  14 earth elementals (D)
  3 scorpions (D)
  6 wights (D)
  11 jellies (D)
  A crimson imp (D)
  An orc wizard (D)
  2 orc priests (D)
  4 iron imps (D)
  3 sheep (D)
  2 shadow imps (D)
  7 white imps (D)
  A giant eyeball (D)
  2 oozes (D)
  4 adder skeletons (D)
  4 adder zombies (D)
  3 adder simulacra (D)
  An orc (D)
  A ball python (D)
  6 bat skeletons (D)
  10 bat zombies (D)
  2 ball python skeletons (D)
  A ball python zombie (D)
  2 bat simulacra (D)
  3 giant cockroach zombies (D)
  2 giant gecko skeletons (D)
  A giant gecko zombie (D)
  2 jackal zombies (D)
  A quokka skeleton (D)
  6 tentacles (D)
  2 tentacle segments (D)
530 creatures vanquished.

Vanquished Creatures (others)
  An eldritch tentacle (D)
  2 blizzard demons (D)
  A vault guard (D)
  A crystal guardian (D)
  40 eldritch tentacle segments (D)
  3 tentacles (D)
  431 tentacle segments (D)
479 creatures vanquished.

Grand Total: 1009 creatures vanquished

Notes
Turn   | Place    | Note
--------------------------------------------------------------
     0 | D        | Ordine the Deep Dwarf Fighter began the quest for the Orb.
     0 | D        | Reached XP level 1. HP: 20/20 MP: 1/1
    13 | D        | Found an iron altar of Okawaru.
    13 | D        | Found a burning altar of Makhleb.
    13 | D        | Found a radiant altar of Vehumet.
    13 | D        | Found a deep blue altar of Sif Muna.
    13 | D        | Found a shimmering altar of Xom.
    19 | D        | Found a sparkling altar of Nemelex Xobeh.
    19 | D        | Found a white marble altar of Elyvilon.
    19 | D        | Found a bloodstained altar of Trog.
    19 | D        | Found a corrupted altar of Lugonu.
    19 | D        | Found a roughly hewn altar of Beogh.
    57 | D        | Found a viscous altar of Jiyva.
    81 | D        | Became a worshipper of Makhleb the Destroyer
   110 | D        | Reached skill level 7 in Long Blades
   110 | D        | Reached XP level 2. HP: 27/27 MP: 2/2
   132 | D        | Entered arena 1.
   132 | D        | Noticed a hell hound
   144 | D        | Killed a hell hound
   144 | D        | Reached skill level 10 in Long Blades
   144 | D        | Reached XP level 3. HP: 33/33 MP: 3/3
   144 | D        | Reached XP level 4. HP: 40/40 MP: 4/4
   167 | D        | Entered arena 2.
   167 | D        | Noticed a wolf
   167 | D        | Noticed a swamp drake
   167 | D        | Noticed a swamp drake
   171 | D        | a swamp drake changed into a jelly
   174 | D        | Killed a wolf
   174 | D        | Acquired Makhleb's first power
   174 | D        | Reached skill level 12 in Long Blades
   174 | D        | Reached XP level 5. HP: 46/46 MP: 5/5
   179 | D        | Killed a swamp drake
   179 | D        | Reached skill level 13 in Long Blades
   179 | D        | Reached XP level 6. HP: 51/55 MP: 6/6
   179 | D        | Noticed a steam dragon
   179 | D        | a jelly changed into a steam dragon
   187 | D        | Killed a steam dragon
   187 | D        | Acquired Makhleb's second power
   187 | D        | Reached skill level 14 in Long Blades
   199 | D        | Entered arena 3.
   199 | D        | Noticed a hell hound
   205 | D        | Killed a hell hound
   205 | D        | Reached skill level 15 in Long Blades
   205 | D        | Reached XP level 7. HP: 58/61 MP: 7/7
   211 | D        | Acquired Makhleb's third power
   221 | D        | Entered arena 4.
   221 | D        | Noticed an orc wizard
   221 | D        | Noticed an orc priest
   221 | D        | Noticed an orc priest
   224 | D        | Killed an orc priest
   225 | D        | Killed an orc priest
   226 | D        | Killed an orc wizard
   226 | D        | Acquired Makhleb's fourth power
   231 | D        | Identified Nob Weg's Incunabulum of Fire (You found it in the Dungeon)
   242 | D        | Entered arena 5.
   242 | D        | Noticed a jumping spider
   242 | D        | Noticed a scorpion
   242 | D        | Noticed a scorpion
   242 | D        | Noticed a scorpion
   242 | D        | Noticed a tarantella
   247 | D        | Killed a tarantella
   247 | D        | Reached skill level 16 in Long Blades
   252 | D        | Killed a scorpion
   258 | D        | Killed a scorpion
   258 | D        | Acquired Makhleb's fifth power
   259 | D        | Killed a scorpion
   268 | D        | Killed a jumping spider
   268 | D        | Reached XP level 8. HP: 68/68 MP: 8/8
   292 | D        | Entered arena 6.
   292 | D        | Noticed a deep elf mage
   292 | D        | Noticed a deep elf fighter
   292 | D        | Noticed a deep elf fighter
   292 | D        | Noticed a deep elf fighter
   292 | D        | Noticed a deep elf priest
   292 | D        | Noticed a deep elf fighter
   299 | D        | Killed a deep elf fighter
   300 | D        | Killed a deep elf mage
   304 | D        | Killed a deep elf priest
   307 | D        | Killed a deep elf fighter
   313 | D        | Killed a deep elf fighter
   313 | D        | Gained mutation: You passively map the area around you. [Deep Dwarf growth]
   313 | D        | Reached XP level 9. HP: 70/74 MP: 9/9
   316 | D        | Reached skill level 10 in Armour
   316 | D        | Reached skill level 10 in Shields
   317 | D        | Killed a deep elf fighter
   330 | D        | Entered arena 7.
   330 | D        | Noticed a black draconian
   330 | D        | Noticed a draconian
   330 | D        | Noticed a yellow draconian
   330 | D        | Noticed a draconian
   330 | D        | Noticed a draconian
   330 | D        | Noticed a draconian
   341 | D        | Killed a draconian
   345 | D        | Killed a draconian
   345 | D        | Reached skill level 5 in Fighting
   348 | D        | Killed a draconian
   350 | D        | Killed a draconian
   350 | D        | Reached XP level 10. HP: 87/94 MP: 10/10
   355 | D        | Killed a black draconian
   362 | D        | Killed a yellow draconian
   402 | D        | Entered arena 8.
   402 | D        | Noticed a necrophage
   412 | D        | Killed a necrophage
   428 | D        | Identified Peuwil's Volume of the Entourage (You found it in the Dungeon)
   433 | D        | Entered arena 9.
   433 | D        | Noticed a slime creature
   433 | D        | Noticed a jelly
   433 | D        | Noticed a slime creature
   433 | D        | Noticed an eye of devastation
   433 | D        | Noticed a slime creature
   433 | D        | Noticed a slime creature
   433 | D        | Noticed a slime creature
   440 | D        | Killed a slime creature
   445 | D        | Killed an eye of devastation
   445 | D        | Reached skill level 10 in Fighting
   445 | D        | Reached skill level 15 in Shields
   446 | D        | Killed a jelly
   446 | D        | Reached skill level 1 in Evocations
   449 | D        | Killed a slime creature
   455 | D        | Killed a slime creature
   455 | D        | Reached skill level 5 in Evocations
   460 | D        | Killed a slime creature
   465 | D        | Killed a slime creature
   482 | D        | Entered arena 10.
   482 | D        | Noticed a merfolk
   482 | D        | Noticed a centaur
   482 | D        | Noticed a hippogriff
   482 | D        | Noticed a merfolk
   482 | D        | Noticed a merfolk
   482 | D        | Noticed a merfolk
   488 | D        | Killed a hippogriff
   490 | D        | Killed a centaur
   491 | D        | Killed a merfolk
   496 | D        | Killed a merfolk
   496 | D        | Reached skill level 10 in Evocations
   496 | D        | Reached XP level 11. HP: 108/108 MP: 15/18
   501 | D        | Killed a merfolk
   506 | D        | Killed a merfolk
   532 | D        | Entered arena 11.
   532 | D        | Noticed a putrid chaos champion
   532 | D        | Noticed a soul eater
   532 | D        | Noticed a blue devil
   532 | D        | Noticed a red devil
   532 | D        | Noticed an Executioner
   533 | D        | Noticed Donu the pandemonium lord
   533 | D        | Noticed an Executioner
   533 | D        | Noticed a blue devil
   534 | D        | Noticed an orange demon
   534 | D        | Noticed a balrug
   538 | D        | Killed a red devil
   540 | D        | Killed a blue devil
   540 | D        | Killed a blue devil
   540 | D        | Killed a balrug
   545 | D        | Killed an orange demon
   545 | D        | Reached skill level 15 in Evocations
   545 | D        | Killed a soul eater
   545 | D        | Killed a putrid chaos champion
   545 | D        | Reached skill level 17 in Evocations
   549 | D        | Killed an Executioner
   549 | D        | Reached skill level 18 in Evocations
   553 | D        | Killed an Executioner
   553 | D        | Reached skill level 20 in Evocations
   554 | D        | Killed Donu the pandemonium lord
   554 | D        | Reached skill level 23 in Evocations
   554 | D        | Reached XP level 12. HP: 104/116 MP: 5/27
   575 | D        | Got the amulet of Toygimof {rMut rN+ Slay+3}
   583 | D        | Identified the Collected Works on Flight (You found it in the Dungeon)
   588 | D        | Entered arena 12.
   588 | D        | Noticed a vampire mage
   588 | D        | Noticed a vampire mage
   588 | D        | Noticed a necromancer
   588 | D        | Noticed a necrophage
   588 | D        | Noticed a lich
   589 | D        | Noticed a necromancer
   589 | D        | Noticed a wight
   589 | D        | Killed a necrophage
   589 | D        | Killed a wight
   589 | D        | Killed a wight
   590 | D        | Noticed a tentacled monstrosity
   590 | D        | Killed a vampire mage
   591 | D        | Noticed a necromancer
   592 | D        | Killed a necromancer
   593 | D        | Killed a necromancer
   593 | D        | Killed a lich
   593 | D        | Reached skill level 25 in Evocations
   593 | D        | Killed a necromancer
   594 | D        | Killed a vampire mage
   674 | D        | Entered arena 13.
   676 | D        | Noticed a jelly
   676 | D        | Noticed an azure jelly
   676 | D        | Noticed a slime creature
   676 | D        | Noticed a golden eye
   676 | D        | Noticed an eye of devastation
   677 | D        | Noticed a slime creature
   677 | D        | Noticed a slime creature
   677 | D        | Noticed a jelly
   677 | D        | Noticed an eye of devastation
   677 | D        | Noticed an azure jelly
   677 | D        | Noticed a jelly
   680 | D        | Killed a jelly
   680 | D        | Killed a slime creature
   680 | D        | Killed a golden eye
   680 | D        | Killed an eye of devastation
   680 | D        | Killed a jelly
   681 | D        | Killed an eye of devastation
   681 | D        | Killed a jelly
   681 | D        | Killed a large slime creature
   681 | D        | Reached skill level 26 in Evocations
   683 | D        | Killed an azure jelly
   683 | D        | Reached XP level 13. HP: 123/123 MP: 28/30
   687 | D        | Killed an azure jelly
   687 | D        | Reached skill level 27 in Evocations
   694 | D        | Got the cursed ring "Caxziu" {rF- rN+ MR+ Int-3}
   710 | D        | Entered arena 14.
   711 | D        | Noticed a frost giant
   711 | D        | Noticed a freezing wraith
   711 | D        | Noticed an ice devil
   711 | D        | Noticed a blizzard demon
   712 | D        | Noticed a polar bear
   712 | D        | Noticed an ice dragon
   712 | D        | Noticed a freezing wraith
   713 | D        | Noticed a blizzard demon
   715 | D        | Killed a polar bear
   716 | D        | Killed a freezing wraith
   717 | D        | Killed an ice devil
   717 | D        | Killed a freezing wraith
   717 | D        | Killed a frost giant
   722 | D        | Killed an ice dragon
   728 | D        | Killed a blizzard demon
   733 | D        | Killed a blizzard demon
   742 | D        | Identified the Grimoire of Attacks (You found it in the Dungeon)
   766 | D        | Entered arena 15.
   766 | D        | Noticed an iron imp
   766 | D        | Noticed an iron imp
   766 | D        | Noticed a hell hound
   766 | D        | Noticed an iron imp
   766 | D        | Noticed a hell hound
   767 | D        | Noticed an iron imp
   767 | D        | Noticed a reaper
   767 | D        | Noticed a reaper
   767 | D        | Killed an iron imp
   767 | D        | Killed a hell hound
   767 | D        | Killed an iron imp
   768 | D        | Noticed a rust devil
   768 | D        | Noticed a rust devil
   768 | D        | Noticed a wraith
   768 | D        | Noticed a red devil
   770 | D        | Killed a wraith
   770 | D        | Killed an iron imp
   770 | D        | Killed a hell hound
   770 | D        | Killed an iron imp
   774 | D        | Killed a reaper
   775 | D        | Killed a rust devil
   775 | D        | Killed a red devil
   775 | D        | Killed a rust devil
   778 | D        | Killed a reaper
   782 | D        | Got the ring "Giaxkis" {rC++ EV+6 Dex+4 SInv}
   822 | D        | Entered arena 16.
   825 | D        | Noticed a wight
   825 | D        | Noticed a necrophage
   825 | D        | Noticed a phantom
   825 | D        | Noticed a balrug
   825 | D        | Noticed a hellion
   826 | D        | Noticed a flying skull
   826 | D        | Noticed a wight
   826 | D        | Killed a hellion
   826 | D        | Killed a wight
   827 | D        | Noticed a crimson imp
   828 | D        | Noticed a wight
   828 | D        | Noticed a flying skull
   830 | D        | Killed a wight
   830 | D        | Killed a necrophage
   830 | D        | Killed a balrug
   830 | D        | Killed a crimson imp
   830 | D        | Killed a phantom
   832 | D        | Killed a wight
   832 | D        | Killed a flying skull
   834 | D        | Killed a flying skull
   864 | D        | Entered arena 17.
   867 | D        | Noticed a cyclops
   867 | D        | Noticed a cyclops
   867 | D        | Noticed a merfolk javelineer
   867 | D        | Noticed a yaktaur captain
   867 | D        | Noticed a centaur
   867 | D        | Noticed a yaktaur
   867 | D        | Noticed a stone giant
   867 | D        | Noticed a centaur warrior
   867 | D        | Noticed a yaktaur captain
   867 | D        | Noticed a yaktaur
   867 | D        | Noticed a stone giant
   869 | D        | Noticed a yaktaur captain
   869 | D        | Noticed a merfolk javelineer
   869 | D        | Noticed a yaktaur captain
   869 | D        | Noticed a centaur
   869 | D        | Killed a cyclops
   869 | D        | Reached skill level 15 in Armour
   869 | D        | Reached skill level 1 in Dodging
   869 | D        | Killed a yaktaur
   869 | D        | Killed a centaur
   869 | D        | Killed a cyclops
   870 | D        | Killed a cyclops
   870 | D        | Killed a merfolk javelineer
   870 | D        | Reached skill level 5 in Dodging
   872 | D        | Killed a yaktaur captain
   872 | D        | Killed a centaur
   872 | D        | Killed a yaktaur captain
   872 | D        | Killed a yaktaur captain
   872 | D        | Killed a centaur
   872 | D        | Killed a yaktaur captain
   873 | D        | Noticed a yaktaur
   874 | D        | Killed a yaktaur
   874 | D        | Killed a yaktaur
   878 | D        | Killed a stone giant
   878 | D        | Gained mutation: You resist negative energy. [Deep Dwarf growth]
   878 | D        | Reached XP level 14. HP: 134/141 MP: 31/31
   878 | D        | Killed a stone giant
   878 | D        | Killed a centaur warrior
   878 | D        | Killed a merfolk javelineer
   878 | D        | Reached skill level 10 in Dodging
   908 | D        | Entered arena 18.
   908 | D        | Noticed a vampire
   911 | D        | Noticed a vampire knight
   911 | D        | Noticed a shadow
   911 | D        | Noticed a lich
   911 | D        | Noticed a shadow
   911 | D        | Noticed a skeletal warrior
   911 | D        | Noticed a lich
   912 | D        | Noticed a necromancer
   912 | D        | Noticed a lich
   912 | D        | Noticed a shadow
   912 | D        | Noticed a ghoul
   912 | D        | Noticed a shadow
   912 | D        | Noticed an ancient lich
   912 | D        | Killed a vampire
   912 | D        | Killed a shadow
   913 | D        | Noticed a wight
   915 | D        | Noticed a shadow
   915 | D        | Killed a shadow
   915 | D        | Killed a lich
   915 | D        | Killed a shadow
   915 | D        | Killed a skeletal warrior
   915 | D        | Killed a vampire knight
   916 | D        | Killed a wight
   916 | D        | Killed a necromancer
   919 | D        | Killed a shadow
   919 | D        | Killed a lich
   920 | D        | Killed a lich
   920 | D        | Killed a shadow
   920 | D        | Killed a ghoul
   924 | D        | Noticed a cacodemon
   926 | D        | Killed an ancient lich
   926 | D        | Reached skill level 15 in Dodging
   953 | D        | Identified Qubbucis's Reference Book on Stones (You found it in the Dungeon)
  1004 | D        | Entered arena 19.
  1009 | D        | Noticed a merfolk aquamancer
  1009 | D        | Noticed a griffon
  1009 | D        | Noticed an alligator snapping turtle
  1009 | D        | Noticed a merfolk
  1009 | D        | Noticed a cyclops
  1009 | D        | Noticed a merfolk impaler
  1009 | D        | Noticed a kraken
  1009 | D        | Noticed a merfolk impaler
  1009 | D        | Noticed a merfolk aquamancer
  1009 | D        | Noticed a sea snake
  1009 | D        | Noticed a merfolk impaler
  1009 | D        | Noticed a merfolk
  1010 | D        | Noticed a sea snake
  1010 | D        | Killed a merfolk aquamancer
  1011 | D        | Noticed a merfolk aquamancer
  1011 | D        | Noticed a merfolk javelineer
  1011 | D        | Noticed a merfolk aquamancer
  1011 | D        | Noticed an alligator snapping turtle
  1011 | D        | Killed a sea snake
  1011 | D        | Killed a sea snake
  1012 | D        | Noticed a sea snake
  1012 | D        | Noticed a siren
  1012 | D        | Noticed a sea snake
  1012 | D        | Killed a cyclops
  1012 | D        | Killed a siren
  1012 | D        | Killed a kraken
  1012 | D        | Killed a merfolk impaler
  1013 | D        | Noticed a manticore
  1013 | D        | Killed a sea snake
  1013 | D        | Killed a manticore
  1014 | D        | Killed a merfolk impaler
  1015 | D        | Killed a merfolk
  1015 | D        | Killed a merfolk
  1016 | D        | Killed a merfolk aquamancer
  1017 | D        | Killed a merfolk aquamancer
  1017 | D        | Reached XP level 15. HP: 135/148 MP: 32/32
  1018 | D        | Killed an alligator snapping turtle
  1018 | D        | Killed a griffon
  1018 | D        | Killed a sea snake
  1019 | D        | Killed a merfolk impaler
  1019 | D        | Killed an alligator snapping turtle
  1019 | D        | Killed a merfolk javelineer
  1019 | D        | Killed a merfolk aquamancer
  1021 | D        | Noticed a kraken
  1029 | D        | Killed a kraken
  1054 | D        | Got the amulet "Jilob" {+Rage Int+6}
  1063 | D        | Got a ring of the Octopus King {MP+9 AC+1 EV+1 Str+1 Int+1 Dex+1}
  1064 | D        | Got the +8 scimitar of the Forgotten Suns {speed, rF+ Int+6}
  1081 | D        | Got the amulet "Deggeq" {Spirit rPois Str+4 Dex-2}
  1093 | D        | Learned a level 6 spell: Deflect Missiles
  1100 | D        | Learned a level 6 spell: Haste
  1103 | D        | Identified the Almanac of the Ashen Entourage (You found it in the Dungeon)
  1130 | D        | Entered arena 20.
  1134 | D        | Noticed a vault guard
  1134 | D        | Noticed a lich
  1134 | D        | Noticed a vault guard
  1135 | D        | Noticed a lich
  1135 | D        | Noticed a vault guard
  1135 | D        | Noticed an ancient lich
  1135 | D        | Noticed a vault guard
  1135 | D        | Noticed a stone giant
  1135 | D        | Killed a lich
  1135 | D        | Reached skill level 5 in Charms
  1136 | D        | Noticed an ancient lich
  1136 | D        | Noticed a vault guard
  1136 | D        | Noticed a vault guard
  1136 | D        | Noticed a vault guard
  1136 | D        | Noticed a shadow dragon
  1136 | D        | Noticed a yaktaur
  1136 | D        | Noticed a stone giant
  1136 | D        | Noticed a vault guard
  1137 | D        | Noticed a vault guard
  1137 | D        | Noticed a yaktaur captain
  1137 | D        | Noticed a vault guard
  1137 | D        | Noticed an ancient lich
  1138 | D        | Noticed an eldritch tentacle
  1138 | D        | Noticed a shadow dragon
  1138 | D        | Killed a vault guard
  1139 | D        | Noticed a vault guard
  1139 | D        | Noticed a vault guard
  1140 | D        | Noticed a vault guard
  1140 | D        | Killed a lich
  1140 | D        | Killed a vault guard
  1140 | D        | Killed a vault guard
  1140 | D        | Killed a yaktaur
  1140 | D        | Reached skill level 10 in Charms
  1141 | D        | Killed a vault guard
  1141 | D        | Killed a stone giant
  1141 | D        | Killed a vault guard
  1142 | D        | Killed a lich
  1144 | D        | Killed a vault guard
  1144 | D        | Killed a shadow dragon
  1144 | D        | Killed a vault guard
  1144 | D        | Killed a yaktaur captain
  1144 | D        | Killed a vault guard
  1144 | D        | Killed a vault guard
  1145 | D        | Killed a vault guard
  1145 | D        | Reached skill level 15 in Charms
  1145 | D        | Killed an ancient lich
  1145 | D        | Killed a vault guard
  1146 | D        | Killed a stone giant
  1147 | D        | Killed a vault guard
  1147 | D        | Killed a shadow dragon
  1147 | D        | Killed a vault guard
  1148 | D        | Killed an ancient lich
  1148 | D        | Reached XP level 16. HP: 157/157 MP: 33/33
  1155 | D        | Killed an ancient lich
  1160 | D        | Killed an eldritch tentacle
  1185 | D        | Identified Sif Muna's Papyrus of Unholy Secrets and Orientation (You found it in the Dungeon)
  1191 | D        | Got the ring "Cerch" {rF- Str+7 Stlth-}
  1197 | D        | Identified the Almanac of Enhancements (You found it in the Dungeon)
  1205 | D        | Identified the Disquisition on Arcane Weapons and Feathers (You found it in the Dungeon)
  1218 | D        | Got the cursed +0 cloak of Space {Str+5 Int+6 Stlth-}
  1237 | D        | Entered arena 21.
  1245 | D        | Noticed a slime creature
  1245 | D        | Noticed an azure jelly
  1245 | D        | Noticed an azure jelly
  1245 | D        | Noticed a slime creature
  1245 | D        | Noticed a great orb of eyes
  1245 | D        | Noticed a great orb of eyes
  1246 | D        | Noticed a slime creature
  1246 | D        | Noticed an azure jelly
  1246 | D        | Noticed an eye of draining
  1246 | D        | Noticed a slime creature
  1246 | D        | Noticed an acid blob
  1246 | D        | Noticed a death ooze
  1246 | D        | Noticed an acid blob
  1246 | D        | Noticed a jelly
  1246 | D        | Noticed an azure jelly
  1246 | D        | Noticed an azure jelly
  1246 | D        | Noticed a slime creature
  1247 | D        | Noticed an azure jelly
  1247 | D        | Noticed a shining eye
  1247 | D        | Noticed an acid blob
  1247 | D        | Killed a jelly
  1248 | D        | Noticed a slime creature
  1248 | D        | Noticed a shining eye
  1248 | D        | Noticed a jelly
  1248 | D        | Noticed an acid blob
  1248 | D        | Noticed an azure jelly
  1248 | D        | Noticed a slime creature
  1248 | D        | Killed a great orb of eyes
  1248 | D        | Killed a slime creature
  1248 | D        | Killed an acid blob
  1249 | D        | Noticed a slime creature
  1249 | D        | Killed a shining eye
  1249 | D        | Killed a death ooze
  1249 | D        | Killed a slime creature
  1250 | D        | Killed a slime creature
  1250 | D        | Killed an acid blob
  1250 | D        | Killed a slime creature
  1250 | D        | Killed an acid blob
  1250 | D        | Killed a slime creature
  1250 | D        | Killed an eye of draining
  1250 | D        | Killed a jelly
  1250 | D        | Killed a slime creature
  1250 | D        | Killed an azure jelly
  1251 | D        | Noticed a slime creature
  1252 | D        | Killed an azure jelly
  1252 | D        | Killed a great orb of eyes
  1254 | D        | Killed an acid blob
  1254 | D        | Killed an azure jelly
  1255 | D        | Killed a slime creature
  1257 | D        | Killed an azure jelly
  1260 | D        | Killed an azure jelly
  1261 | D        | Killed a slime creature
  1261 | D        | Killed an azure jelly
  1261 | D        | Killed a slime creature
  1261 | D        | Killed a shining eye
  1261 | D        | Killed an azure jelly
  1270 | D        | Got the ring of Sam Xuca {SustAt MP+9}
  1288 | D        | Identified the Almanac of Creation and the Compass (You found it in the Dungeon)
  1304 | D        | Entered arena 22.
  1311 | D        | Noticed an acid blob
  1311 | D        | Noticed a golden eye
  1311 | D        | Noticed a slime creature
  1311 | D        | Noticed a slime creature
  1311 | D        | Noticed a giant orange brain
  1311 | D        | Noticed a slime creature
  1311 | D        | Noticed a jelly
  1311 | D        | Noticed a slime creature
  1311 | D        | Noticed an acid blob
  1311 | D        | Noticed an azure jelly
  1311 | D        | Noticed a jelly
  1312 | D        | Noticed a slime creature
  1312 | D        | Noticed a slime creature
  1312 | D        | Noticed a slime creature
  1312 | D        | Noticed a giant orange brain
  1312 | D        | Noticed a jelly
  1312 | D        | Noticed a slime creature
  1312 | D        | Noticed an acid blob
  1312 | D        | Noticed an acid blob
  1312 | D        | Noticed an azure jelly
  1312 | D        | Noticed a slime creature
  1312 | D        | Noticed a death ooze
  1313 | D        | Noticed a death ooze
  1313 | D        | Noticed a jelly
  1313 | D        | Noticed a slime creature
  1313 | D        | Noticed an acid blob
  1313 | D        | Noticed a slime creature
  1313 | D        | Noticed a slime creature
  1313 | D        | Noticed a death ooze
  1313 | D        | Noticed a jelly
  1313 | D        | Noticed a slime creature
  1313 | D        | Noticed an eye of draining
  1313 | D        | Noticed a death ooze
  1314 | D        | Killed a golden eye
  1314 | D        | Killed a jelly
  1314 | D        | Killed a jelly
  1314 | D        | Killed a slime creature
  1314 | D        | Killed a slime creature
  1314 | D        | Killed a slime creature
  1314 | D        | Killed a jelly
  1314 | D        | Killed a slime creature
  1315 | D        | Killed a jelly
  1315 | D        | Killed an acid blob
  1315 | D        | Killed an acid blob
  1316 | D        | Killed an acid blob
  1316 | D        | Killed a slime creature
  1316 | D        | Killed a giant orange brain
  1316 | D        | Killed a death ooze
  1316 | D        | Killed a slime creature
  1316 | D        | Killed a death ooze
  1316 | D        | Killed a slime creature
  1317 | D        | Killed a giant orange brain
  1318 | D        | Killed an acid blob
  1318 | D        | Killed a death ooze
  1318 | D        | Killed a death ooze
  1318 | D        | Killed an acid blob
  1318 | D        | Reached XP level 17. HP: 164/164 MP: 34/34
  1318 | D        | Killed a slime creature
  1319 | D        | Killed a jelly
  1319 | D        | Killed a large slime creature
  1319 | D        | Killed an eye of draining
  1320 | D        | Killed an azure jelly
  1320 | D        | Killed an azure jelly
  1320 | D        | Reached skill level 27 in Armour
  1323 | D        | Killed a slime creature
  1327 | D        | Killed a large slime creature
  1359 | D        | Identified Vuprim's Guide on Evil (You found it in the Dungeon)
  1363 | D        | Identified the Collected Works on Shifting Dark Magic (You found it in the Dungeon)
  1368 | D        | Identified Avape's Volume of Creative Conjuration (You found it in the Dungeon)
  1373 | D        | Entered arena 23.
  1380 | D        | Noticed a naga
  1380 | D        | Noticed a guardian serpent
  1380 | D        | Noticed a naga
  1380 | D        | Noticed a naga
  1380 | D        | Noticed a guardian serpent
  1380 | D        | Noticed a guardian serpent
  1380 | D        | Noticed a water moccasin
  1380 | D        | Noticed a greater naga
  1380 | D        | Noticed a naga warrior
  1380 | D        | Noticed a naga mage
  1380 | D        | Noticed a black mamba
  1380 | D        | Noticed a guardian serpent
  1380 | D        | Noticed a naga mage
  1381 | D        | Noticed an anaconda
  1381 | D        | Noticed a black mamba
  1381 | D        | Noticed an anaconda
  1381 | D        | Noticed a guardian serpent
  1381 | D        | Noticed a greater naga
  1381 | D        | Noticed a greater naga
  1381 | D        | Noticed a guardian serpent
  1381 | D        | Noticed a guardian serpent
  1381 | D        | Noticed a water moccasin
  1381 | D        | Noticed a naga warrior
  1381 | D        | Noticed a naga warrior
  1381 | D        | Noticed a water moccasin
  1381 | D        | Noticed a greater naga
  1381 | D        | Noticed a naga warrior
  1382 | D        | Noticed a greater naga
  1382 | D        | Noticed a naga warrior
  1382 | D        | Noticed a guardian serpent
  1382 | D        | Noticed a guardian serpent
  1382 | D        | Noticed a naga warrior
  1382 | D        | Killed a guardian serpent
  1382 | D        | Killed a naga mage
  1382 | D        | Killed a guardian serpent
  1382 | D        | Killed a guardian serpent
  1382 | D        | Killed a water moccasin
  1382 | D        | Killed a guardian serpent
  1382 | D        | Killed a naga warrior
  1382 | D        | Killed a black mamba
  1382 | D        | Killed a naga
  1382 | D        | Killed a greater naga
  1382 | D        | Killed a naga
  1382 | D        | Killed a guardian serpent
  1382 | D        | Killed a water moccasin
  1382 | D        | Killed a guardian serpent
  1382 | D        | Killed a guardian serpent
  1382 | D        | Killed a naga mage
  1383 | D        | Noticed a greater naga
  1384 | D        | Noticed a naga
  1384 | D        | Noticed a black mamba
  1384 | D        | Noticed an anaconda
  1384 | D        | Killed a naga
  1384 | D        | Killed an anaconda
  1384 | D        | Killed a naga
  1384 | D        | Killed a greater naga
  1385 | D        | Killed a guardian serpent
  1385 | D        | Killed a naga warrior
  1385 | D        | Killed a naga mage
  1385 | D        | Killed a guardian serpent
  1385 | D        | Killed a greater naga
  1385 | D        | Reached skill level 27 in Dodging
  1385 | D        | Reached skill level 1 in Spellcasting
  1385 | D        | Killed a greater naga
  1385 | D        | Killed an anaconda
  1385 | D        | Reached skill level 5 in Spellcasting
  1386 | D        | Killed a water moccasin
  1386 | D        | Killed a naga warrior
  1387 | D        | Killed a black mamba
  1387 | D        | Killed an anaconda
  1388 | D        | Killed a water moccasin
  1389 | D        | Killed a naga warrior
  1389 | D        | Killed a naga warrior
  1391 | D        | Killed a greater naga
  1391 | D        | Killed a black mamba
  1397 | D        | Killed a greater naga
  1397 | D        | Reached skill level 10 in Spellcasting
  1404 | D        | Killed a naga warrior
  1418 | D        | Learned a level 6 spell: Statue Form
  1453 | D        | Identified the Incunabulum of the Harmful Blaze (You found it in the Dungeon)
  1479 | D        | Entered arena 24.
  1486 | D        | Noticed a soul eater
  1486 | D        | Noticed a soul eater
  1486 | D        | Noticed a ghoul
  1486 | D        | Noticed a soul eater
  1486 | D        | Noticed a blue devil
  1486 | D        | Noticed a soul eater
  1486 | D        | Noticed a skeletal warrior
  1486 | D        | Noticed a soul eater
  1486 | D        | Noticed a soul eater
  1486 | D        | Noticed a ghoul
  1487 | D        | Noticed a shadow dragon
  1487 | D        | Noticed a soul eater
  1487 | D        | Noticed a shadow dragon
  1487 | D        | Noticed a soul eater
  1487 | D        | Noticed a soul eater
  1487 | D        | Noticed a shadow dragon
  1487 | D        | Noticed a soul eater
  1487 | D        | Noticed a reaper
  1487 | D        | Noticed a soul eater
  1487 | D        | Noticed a ghoul
  1487 | D        | Noticed a shadow dragon
  1487 | D        | Noticed a ghoul
  1488 | D        | Killed a soul eater
  1489 | D        | Noticed a soul eater
  1489 | D        | Noticed a shadow dragon
  1489 | D        | Noticed a soul eater
  1489 | D        | Noticed a soul eater
  1490 | D        | Noticed a soul eater
  1490 | D        | Killed a soul eater
  1490 | D        | Killed a blue devil
  1490 | D        | Killed a soul eater
  1490 | D        | Killed a soul eater
  1491 | D        | Noticed a soul eater
  1492 | D        | Killed a soul eater
  1492 | D        | Killed a skeletal warrior
  1492 | D        | Killed a ghoul
  1492 | D        | Killed a soul eater
  1495 | D        | Noticed a ghoul
  1498 | D        | Killed a shadow dragon
  1498 | D        | Killed a soul eater
  1498 | D        | Killed a ghoul
  1498 | D        | Killed a soul eater
  1498 | D        | Killed a reaper
  1498 | D        | Killed a soul eater
  1498 | D        | Killed a soul eater
  1498 | D        | Killed a soul eater
  1498 | D        | Reached skill level 15 in Spellcasting
  1498 | D        | Killed a soul eater
  1499 | D        | Killed a shadow dragon
  1499 | D        | Killed a soul eater
  1499 | D        | Reached skill level 5 in Transmutations
  1500 | D        | Killed a shadow dragon
  1500 | D        | Killed a shadow dragon
  1500 | D        | Killed a soul eater
  1500 | D        | Killed a soul eater
  1502 | D        | Killed a soul eater
  1504 | D        | Killed a ghoul
  1504 | D        | Reached skill level 10 in Transmutations
  1506 | D        | Killed a shadow dragon
  1518 | D        | Killed a ghoul
  1525 | D        | Gained mutation: Your body sometimes deteriorates upon taking damage. [mutagenic glow]
  1528 | D        | Killed a ghoul
  1558 | D        | Got the amulet of Cahit {-Tele rN++ Regen+}
  1583 | D        | Identified Udaen's Reference Book on Malediction (You found it in the Dungeon)
  1587 | D        | Got the +7 long sword of Tortfeasance {freeze, *Rage +Fly rPois Dex+5}
  1609 | D        | Entered arena 25.
  1618 | D        | Noticed a frost giant
  1618 | D        | Noticed an ice dragon
  1618 | D        | Noticed an ice dragon
  1618 | D        | Noticed a blizzard demon
  1618 | D        | Noticed a blizzard demon
  1618 | D        | Noticed an ice devil
  1618 | D        | Noticed an ice devil
  1618 | D        | Noticed a freezing wraith
  1618 | D        | Noticed a polar bear
  1618 | D        | Noticed an ice beast
  1618 | D        | Noticed a blizzard demon
  1618 | D        | Noticed an Ice Fiend
  1618 | D        | Noticed a frost giant
  1618 | D        | Noticed an ice beast
  1619 | D        | Noticed an ice beast
  1619 | D        | Noticed a frost giant
  1619 | D        | Noticed a blizzard demon
  1619 | D        | Noticed an ice dragon
  1619 | D        | Noticed an Ice Fiend
  1619 | D        | Noticed a freezing wraith
  1619 | D        | Noticed an ice dragon
  1620 | D        | Noticed an ice devil
  1620 | D        | Noticed a blizzard demon
  1620 | D        | Noticed a polar bear
  1620 | D        | Noticed a frost giant
  1620 | D        | Noticed an ice devil
  1620 | D        | Noticed a polar bear
  1620 | D        | Killed an ice beast
  1620 | D        | Killed an ice beast
  1620 | D        | Reached skill level 1 in Earth Magic
  1620 | D        | Killed a freezing wraith
  1620 | D        | Killed a polar bear
  1621 | D        | Noticed an ice devil
  1621 | D        | Noticed an Ice Fiend
  1621 | D        | Noticed an ice beast
  1621 | D        | Noticed a freezing wraith
  1621 | D        | Noticed a polar bear
  1622 | D        | Noticed a frost giant
  1622 | D        | Noticed an ice dragon
  1622 | D        | Killed an ice beast
  1622 | D        | Killed a frost giant
  1622 | D        | Killed a freezing wraith
  1622 | D        | Killed a polar bear
  1623 | D        | Noticed a freezing wraith
  1623 | D        | Noticed an ice beast
  1623 | D        | Noticed an ice beast
  1623 | D        | Noticed an Ice Fiend
  1623 | D        | Noticed an ice beast
  1623 | D        | Noticed a polar bear
  1623 | D        | Noticed a freezing wraith
  1624 | D        | Killed a frost giant
  1624 | D        | Killed an ice beast
  1624 | D        | Killed an ice dragon
  1624 | D        | Killed an ice beast
  1624 | D        | Killed an ice dragon
  1624 | D        | Gained mutation: You passively map a large area around you. [Deep Dwarf growth]
  1624 | D        | Reached XP level 18. HP: 172/172 MP: 37/37
  1624 | D        | Killed an Ice Fiend
  1624 | D        | Killed an ice dragon
  1624 | D        | Killed an Ice Fiend
  1624 | D        | Reached skill level 10 in Earth Magic
  1625 | D        | Noticed an Ice Fiend
  1625 | D        | Killed a frost giant
  1625 | D        | Killed a polar bear
  1625 | D        | Killed an ice devil
  1625 | D        | Killed an ice devil
  1625 | D        | Killed an ice beast
  1626 | D        | Noticed a frost giant
  1626 | D        | Noticed an Ice Fiend
  1626 | D        | Noticed an ice devil
  1626 | D        | Killed an ice dragon
  1626 | D        | Killed an ice beast
  1627 | D        | Killed an ice devil
  1627 | D        | Reached skill level 15 in Transmutations
  1627 | D        | Killed a frost giant
  1627 | D        | Killed a frost giant
  1627 | D        | Killed an ice devil
  1627 | D        | Killed a polar bear
  1627 | D        | Killed an ice devil
  1627 | D        | Killed a freezing wraith
  1627 | D        | Killed a frost giant
  1627 | D        | Killed a polar bear
  1627 | D        | Killed an Ice Fiend
  1627 | D        | Reached skill level 15 in Earth Magic
  1628 | D        | Killed an ice devil
  1629 | D        | Killed an ice beast
  1630 | D        | Killed an ice dragon
  1630 | D        | Killed a freezing wraith
  1630 | D        | Killed a freezing wraith
  1632 | D        | Killed a blizzard demon
  1634 | D        | Killed a blizzard demon
  1635 | D        | Killed an Ice Fiend
  1637 | D        | Killed a blizzard demon
  1641 | D        | Killed a blizzard demon
  1642 | D        | Killed a blizzard demon
  1643 | D        | Killed an Ice Fiend
  1654 | D        | Killed an Ice Fiend
  1727 | D        | Got the amulet "Uciegre" {Spirit +Blink rN+++ MP-9 SInv}
  1730 | D        | Got the amulet of Miracles {Gourm SInv}
  2067 | D        | Entered arena 26.
  2075 | D        | Noticed a quicksilver dragon
  2075 | D        | Noticed an earth elemental
  2075 | D        | Noticed an iron dragon
  2075 | D        | Noticed an earth elemental
  2075 | D        | Noticed an iron golem
  2075 | D        | Noticed a quicksilver dragon
  2075 | D        | Noticed a stone giant
  2075 | D        | Noticed a quicksilver dragon
  2075 | D        | Noticed a quicksilver dragon
  2076 | D        | Noticed a quicksilver dragon
  2076 | D        | Noticed an earth elemental
  2076 | D        | Noticed a crystal guardian
  2077 | D        | Noticed a quicksilver dragon
  2077 | D        | Noticed an iron dragon
  2077 | D        | Noticed a quicksilver dragon
  2077 | D        | Noticed an earth elemental
  2077 | D        | Noticed an iron dragon
  2077 | D        | Noticed an iron dragon
  2077 | D        | Noticed a quicksilver dragon
  2077 | D        | Noticed a quicksilver dragon
  2078 | D        | Noticed a quicksilver dragon
  2078 | D        | Noticed an iron golem
  2078 | D        | Noticed an iron golem
  2078 | D        | Noticed an earth elemental
  2079 | D        | Noticed a quicksilver dragon
  2079 | D        | Noticed a quicksilver dragon
  2079 | D        | Noticed a quicksilver dragon
  2079 | D        | Noticed a stone giant
  2079 | D        | Noticed a stone giant
  2079 | D        | Noticed an earth elemental
  2080 | D        | Noticed a quicksilver dragon
  2080 | D        | Noticed an iron dragon
  2080 | D        | Noticed an iron golem
  2081 | D        | Noticed a crystal guardian
  2081 | D        | Noticed an iron golem
  2081 | D        | Noticed an iron golem
  2081 | D        | Noticed a stone giant
  2081 | D        | Noticed an earth elemental
  2081 | D        | Noticed a crystal guardian
  2081 | D        | Killed a quicksilver dragon
  2082 | D        | Noticed a gargoyle
  2082 | D        | Noticed a crystal guardian
  2082 | D        | Noticed an iron golem
  2082 | D        | Noticed an earth elemental
  2082 | D        | Noticed an earth elemental
  2082 | D        | Noticed an earth elemental
  2083 | D        | Noticed a stone giant
  2083 | D        | Noticed an iron dragon
  2083 | D        | Noticed an earth elemental
  2083 | D        | Noticed an earth elemental
  2083 | D        | Noticed an iron golem
  2083 | D        | Killed a quicksilver dragon
  2083 | D        | Killed a quicksilver dragon
  2083 | D        | Killed a quicksilver dragon
  2083 | D        | Killed a quicksilver dragon
  2084 | D        | Noticed an earth elemental
  2084 | D        | Noticed a gargoyle
  2085 | D        | Noticed a crystal guardian
  2085 | D        | Noticed an iron golem
  2085 | D        | Noticed an iron golem
  2085 | D        | Killed a quicksilver dragon
  2086 | D        | Killed a quicksilver dragon
  2086 | D        | Killed an earth elemental
  2086 | D        | Killed an earth elemental
  2086 | D        | Killed a crystal guardian
  2087 | D        | Killed a quicksilver dragon
  2087 | D        | Killed an iron dragon
  2087 | D        | Killed an iron dragon
  2087 | D        | Killed a quicksilver dragon
  2087 | D        | Killed a quicksilver dragon
  2087 | D        | Killed an iron dragon
  2087 | D        | Killed a gargoyle
  2087 | D        | Killed a stone giant
  2087 | D        | Killed an earth elemental
  2088 | D        | Killed a quicksilver dragon
  2088 | D        | Killed a quicksilver dragon
  2088 | D        | Killed a stone giant
  2088 | D        | Killed a stone giant
  2088 | D        | Killed an earth elemental
  2088 | D        | Killed an earth elemental
  2088 | D        | Killed a gargoyle
  2088 | D        | Killed an earth elemental
  2088 | D        | Killed an iron dragon
  2088 | D        | Killed an earth elemental
  2088 | D        | Killed an earth elemental
  2088 | D        | Killed an earth elemental
  2089 | D        | Killed a stone giant
  2089 | D        | Killed a stone giant
  2089 | D        | Killed an earth elemental
  2089 | D        | Killed an earth elemental
  2090 | D        | Killed a quicksilver dragon
  2090 | D        | Reached skill level 27 in Shields
  2090 | D        | Reached XP level 19. HP: 178/181 MP: 38/38
  2090 | D        | Killed an earth elemental
  2090 | D        | Killed a crystal guardian
  2091 | D        | Killed a quicksilver dragon
  2091 | D        | Killed an iron dragon
  2091 | D        | Reached skill level 15 in Fighting
  2093 | D        | Noticed an earth elemental
  2094 | D        | Killed a crystal guardian
  2096 | D        | Killed a crystal guardian
  2099 | D        | Killed an iron dragon
  2101 | D        | Killed an earth elemental
  2102 | D        | Killed a crystal guardian
  2106 | D        | Killed an iron golem
  2109 | D        | Killed an iron golem
  2113 | D        | Killed an iron golem
  2124 | D        | Killed an iron golem
  2131 | D        | Killed an iron golem
  2137 | D        | Killed an earth elemental
  2145 | D        | Killed an iron golem
  2152 | D        | Killed an iron golem
  2158 | D        | Killed an iron golem
  2168 | D        | Killed an iron golem
  2178 | D        | Killed an iron golem
  2192 | D        | Got the amulet of the Cricket {Stasis Str+2 Int+2}
  2196 | D        | Got the ring of Xom's Capriciousness {SustAt rF+}
  2250 | D        | Entered arena 27.
  2259 | D        | Noticed a titan
  2260 | D        | Noticed a hill giant
  2260 | D        | Noticed a titan
  2260 | D        | Noticed an ettin
  2260 | D        | Noticed a cyclops
  2260 | D        | Noticed an ettin
  2260 | D        | Noticed a titan
  2260 | D        | Noticed a cyclops
  2260 | D        | Noticed an ettin
  2260 | D        | Noticed a hill giant
  2260 | D        | Noticed a hill giant
  2260 | D        | Noticed a cyclops
  2262 | D        | Noticed a frost giant
  2262 | D        | Noticed a titan
  2262 | D        | Noticed a frost giant
  2262 | D        | Noticed a cyclops
  2262 | D        | Noticed an ettin
  2262 | D        | Noticed a titan
  2262 | D        | Killed a cyclops
  2263 | D        | Noticed an ettin
  2263 | D        | Noticed a titan
  2263 | D        | Noticed a fire giant
  2263 | D        | Noticed an ettin
  2263 | D        | Noticed a fire giant
  2263 | D        | Killed an ettin
  2263 | D        | Killed an ettin
  2263 | D        | Killed a hill giant
  2264 | D        | Noticed a hill giant
  2264 | D        | Noticed a cyclops
  2264 | D        | Noticed a fire giant
  2264 | D        | Noticed a fire giant
  2264 | D        | Killed a cyclops
  2264 | D        | Killed a hill giant
  2265 | D        | Noticed an ettin
  2265 | D        | Noticed a stone giant
  2265 | D        | Noticed an ettin
  2265 | D        | Killed a cyclops
  2265 | D        | Killed a cyclops
  2265 | D        | Killed a cyclops
  2265 | D        | Killed a cyclops
  2265 | D        | Killed an ettin
  2266 | D        | Noticed a fire giant
  2266 | D        | Noticed a titan
  2266 | D        | Noticed a hill giant
  2266 | D        | Noticed a cyclops
  2266 | D        | Noticed an ettin
  2266 | D        | Noticed a stone giant
  2266 | D        | Noticed a titan
  2266 | D        | Noticed a fire giant
  2266 | D        | Killed a frost giant
  2267 | D        | Noticed a titan
  2267 | D        | Noticed a fire giant
  2267 | D        | Killed a hill giant
  2267 | D        | Killed an ettin
  2267 | D        | Killed a fire giant
  2267 | D        | Killed a cyclops
  2268 | D        | Noticed an ettin
  2268 | D        | Noticed a hill giant
  2268 | D        | Noticed a stone giant
  2268 | D        | Noticed a fire giant
  2268 | D        | Killed an ettin
  2269 | D        | Noticed a stone giant
  2269 | D        | Noticed a titan
  2269 | D        | Noticed a stone giant
  2269 | D        | Noticed a hill giant
  2270 | D        | Noticed a cyclops
  2270 | D        | Killed a frost giant
  2270 | D        | Killed a cyclops
  2271 | D        | Noticed a stone giant
  2271 | D        | Noticed an ettin
  2271 | D        | Noticed a cyclops
  2271 | D        | Noticed a frost giant
  2271 | D        | Killed a hill giant
  2272 | D        | Noticed an ettin
  2272 | D        | Noticed a titan
  2272 | D        | Killed an ettin
  2272 | D        | Killed a hill giant
  2272 | D        | Killed a fire giant
  2272 | D        | Killed a cyclops
  2273 | D        | Killed a stone giant
  2273 | D        | Killed a fire giant
  2273 | D        | Killed a stone giant
  2274 | D        | Noticed a cyclops
  2274 | D        | Noticed a hill giant
  2274 | D        | Killed an ettin
  2275 | D        | Killed a titan
  2276 | D        | Killed an ettin
  2276 | D        | Killed a fire giant
  2277 | D        | Killed a hill giant
  2277 | D        | Killed a stone giant
  2277 | D        | Killed an ettin
  2278 | D        | Killed a fire giant
  2278 | D        | Killed an ettin
  2279 | D        | Killed an ettin
  2280 | D        | Killed an ettin
  2280 | D        | Killed a fire giant
  2280 | D        | Killed a hill giant
  2280 | D        | Killed a cyclops
  2280 | D        | Killed a fire giant
  2280 | D        | Killed a cyclops
  2281 | D        | Killed a stone giant
  2281 | D        | Killed a fire giant
  2281 | D        | Killed a stone giant
  2282 | D        | Killed a cyclops
  2282 | D        | Killed a hill giant
  2284 | D        | Noticed a cyclops
  2284 | D        | Killed a stone giant
  2285 | D        | Killed a titan
  2285 | D        | Killed a titan
  2286 | D        | Killed a titan
  2286 | D        | Killed a frost giant
  2288 | D        | Killed a titan
  2288 | D        | Reached skill level 27 in Fighting
  2289 | D        | Killed a titan
  2293 | D        | Killed a titan
  2296 | D        | Killed a titan
  2297 | D        | Killed a titan
  2310 | D        | Killed a titan
  2328 | D        | Killed a titan
  2328 | D        | Reached XP level 20. HP: 203/236 MP: 39/39
  2331 | D        | Killed a cyclops
  2340 | D        | Got the ring of Qotil {-Tele +Fly rN+ Int+4}
  2353 | D        | Got the cursed ring "Verchuem" {*Corrode rN+ Str+2 Slay-4 SInv}
  2418 | D        | Got the Orb of Zot
  2423 | D        | Escaped with the Orb!

Vault maps used:
D:        sprint_v

Action                   |  1- 3 |  4- 6 |  7- 9 | 10-12 | 13-15 | 16-18 | 19-21 || total
-------------------------+-------+-------+-------+-------+-------+-------+-------++-------
Melee: Demon blade       |    10 |     6 |       |       |       |       |       ||    16
       Double sword      |       |    16 |    67 |    73 |    18 |    56 |   134 ||   364
 Cast: Haste             |       |       |       |       |       |     6 |     1 ||     7
       Statue Form       |       |       |       |       |       |     1 |       ||     1
 Abil: End Transformatio |       |       |       |       |       |     1 |       ||     1
       Stop Flying       |       |       |       |       |       |       |     1 ||     1
Evoke: Disc of storms    |       |       |     1 |    28 |    78 |    90 |    24 ||   221
       Wand              |       |       |       |     1 |       |     1 |       ||     2
       Fan of gales      |       |       |       |     1 |       |       |       ||     1
  Use: Potion            |     2 |       |       |     1 |     1 |     2 |       ||     6
       Scroll            |       |       |       |     3 |     1 |     5 |     3 ||    12
  Eat: Chunk             |       |       |       |       |     1 |     1 |       ||     2
       Meat ration       |       |       |       |       |       |     1 |       ||     1
       Bread ration      |       |       |       |       |       |     1 |       ||     1
